 Dungeon Crawl Stone Soup version 0.30-a0-283-gf371ce1921 (webtiles) character file.

Game seed: 10711850324560022249

990 MirrMurr the Shooter (level 7, -1/33 HPs)
             Began as a Spriggan Hunter on Oct 17, 2022.
             Was a Believer of Okawaru.
             Slain by Maggie
             ... wielding a +2 vorpal morningstar
              (3 damage)
             ... on level 6 of the Dungeon.
             The game lasted 00:11:43 (4951 turns).

MirrMurr the Shooter (Spriggan Hunter)              Turns: 4951, Time: 00:11:43

Health: -1/33      AC:  5    Str:  7    XL:     7   Next: 98%
Magic:  8/8        EV: 26    Int: 13    God:    Okawaru [**....]
Gold:   293        SH:  0    Dex: 21    Spells: 6/6 levels left

rFire   . . .      SeeInvis +    a - +2 shortbow
rCold   . . .      Faith    .    (shield currently unavailable)
rNeg    + . .      Spirit   .    c - +0 robe
rPois   .          Reflect  .    (helmet restricted)
rElec   .          Harm     .    g - +2 cloak
rCorr   .          Rampage  .    (gloves unavailable)
Will    +....                    (boots unavailable)
Stlth   ++++......               (no amulet)
HPRegen 0.25/turn                n - ring "Degrovoca" {*Corrode rN+ EV+4 Int+3}
MPRegen 0.11/turn                (no ring)

@: very quick
A: very small, no large weapons, unfitting armour, see invisible, speed 3
a: Renounce Religion, Heroism


You were on level 6 of the Dungeon.
You worshipped Okawaru.
Okawaru was pleased with you.
You visited 1 branch of the dungeon, and saw 6 of its levels.
You also visited: Ossuary.

You collected 293 gold pieces.

Inventory:

Hand Weapons
 a - a +2 shortbow (weapon)
Missiles
 d - 37 stones
 k - 3 boomerangs
 u - 3 datura-tipped darts
Armour
 c - a +0 robe (worn)
 g - a +2 cloak (worn)
Jewellery
 i - a ring of magical power
 n - the ring "Degrovoca" (left hand) {*Corrode rN+ EV+4 Int+3}
   (You found it on level 2 of the Dungeon)

   [ring of evasion]

   EV:        It affects your evasion (+4).
   Int:       It affects your intelligence (+3).
   rN:        It protects you from negative energy.
   *Corrode:  It may corrode you when you take damage.
Scrolls
 b - a scroll of immolation
 f - 2 scrolls of vulnerability
 h - 2 scrolls of blinking
 j - a scroll of enchant armour
 o - a scroll of teleportation
Potions
 l - a potion of mutation
 m - a potion of berserk rage
 q - a potion of haste
 t - a potion of flight


   Skills:
 - Level 1.5 Fighting
 * Level 7.7 Ranged Weapons
 + Level 6.5 Dodging
 + Level 7.2 Stealth


You had 6 spell levels left.
You didn't know any spells.
Your spell library contained the following spells:

 Spells                   Type           Power      Damage    Failure   Level
 Anguish                  Hex/Necr       0%         N/A       97%         4
 Petrify                  Tmut/Erth      0%         N/A       97%         4
 Metabolic Englaciation   Hex/Ice        0%         N/A       100%        5
 Statue Form              Tmut/Erth      0%         N/A       100%        6
 Enfeeble                 Hex            0%         N/A       100%        7


Dungeon Overview and Level Annotations

Branches:
Dungeon (6/15)            Ossuary (visited)
 Temple: D:4-7

Altars:
Ashenzari
Cheibriados
Makhleb
Okawaru
Uskayaw
Vehumet
Wu Jian
Yredelemnul

Shops:
D:4 :?*(   D:5 *::

Annotations:
D:6 Maggie


Innate Abilities, Weirdness & Mutations

You are very small and have problems with some larger weapons.
You are too small for most types of armour.
You have supernaturally acute eyesight. (SInv)
You cover ground extremely quickly. (Speed+++)


Message History

Maggie is moderately wounded.
Maggie says, "Fear not.
I will immortalize you in the tale of my first kill."
Maggie misses you.
You shoot an arrow.
The arrow hits Maggie but does no damage.
Maggie is moderately wounded.
Maggie closely misses you.
You shoot an arrow.
The arrow hits Maggie but does no damage.
Maggie is moderately wounded.
Maggie completely misses you.
You shoot an arrow.
The arrow hits Maggie but does no damage.
Maggie is moderately wounded.
Maggie misses you.
You shoot an arrow. The arrow closely misses Maggie.
Maggie misses you.
Maggie hits you with a +2 vorpal morningstar!
You shoot an arrow. The arrow closely misses Maggie.
Maggie hits you with a +2 vorpal morningstar.
You are too injured to fight recklessly!
You are too injured to fight recklessly!
You are too injured to fight recklessly!
You are too injured to fight recklessly!
You shoot an arrow. The arrow closely misses Maggie.
Maggie casts a spell at you. The bolt of fire misses you.
You shoot an arrow. The arrow barely misses Maggie.
Maggie hits you with a +2 vorpal morningstar.
You shoot an arrow. The arrow closely misses Maggie.
Maggie barely misses you.
You shoot an arrow. The arrow completely misses Maggie.
Maggie misses you.
You shoot an arrow.
The arrow hits Maggie but does no damage.
Maggie is moderately wounded.
You break out of your daze.
Maggie closely misses you.
You shoot an arrow. The arrow hits Maggie!
Maggie is moderately wounded.
Maggie hits you with a +2 vorpal morningstar!
* * * LOW HITPOINT WARNING * * *
You die...

.### ...# ...
#####.. #.....
###### #.##.####
####..@@###.##.#..#
..................#
####.##.....##.#..#
$. ###.#.##....# ##
#...####..####.#
##### #.......#
#.####### #........
#########


You could see Maggie.

Vanquished Creatures
  A water moccasin (D:5)
  An orc warrior (D:5)
  4 scorpions
  2 wights
  A hound (D:5)
  An orc priest (D:5)
  3 jellies
  3 iguanas
  2 orc wizards (D:5)
  3 gnolls (D:4)
  5 adders
  A white imp (D:5)
  2 ufetubi
  2 dart slugs
  7 orcs
  11 ball pythons
  4 endoplasms
  5 giant cockroaches
  7 hobgoblins
  8 jackals
  2 kobolds
  A quokka (D:2)
  4 bats
  4 frilled lizards
  7 goblins
  2 rats (D:1)
93 creatures vanquished.

Notes
Turn   | Place    | Note
-------+----------+-------------------------------------------
     0 | D:1      | MirrMurr the Spriggan Hunter began the quest for the Orb.
     0 | D:1      | Reached XP level 1. HP: 10/10 MP: 2/2
   243 | D:1      | Reached XP level 2. HP: 14/14 MP: 3/3
   527 | D:1      | Found a faded altar of an unknown god.
   774 | D:1      | Reached XP level 3. HP: 18/18 MP: 4/4
  1125 | D:2      | Identified the ring "Degrovoca" {*Corrode rN+ EV+4 Int+3}
  1823 | D:3      | Reached skill level 5 in Ranged Weapons
  1823 | D:3      | Reached XP level 4. HP: 22/22 MP: 5/5
  2167 | D:3      | Found a hide-covered altar of Uskayaw.
  2168 | D:3      | Found a broken altar of Ashenzari.
  2168 | D:3      | Found an ornate altar of the Wu Jian Council.
  2168 | D:3      | Found an iron altar of Okawaru.
  2170 | D:3      | Found a burning altar of Makhleb.
  2172 | D:3      | Became a worshipper of Warmaster Okawaru
  2175 | D:3      | Found a basalt altar of Yredelemnul.
  2176 | D:3      | Found a snail-covered altar of Cheibriados.
  2279 | D:4      | Found Gabill's Antique Weapon Shoppe.
  2327 | D:4      | Found a sand-covered staircase.
  2342 | Ossuary  | Entered an ossuary
  2468 | D:4      | Found Atixeecag's Assorted Antiques.
  2686 | D:4      | Reached XP level 5. HP: 10/25 MP: 6/6
  2816 | D:4      | Found Qomaw's Book Shop.
  2874 | D:4      | Found Irutwol's Magic Scroll Shop.
  3296 | D:5      | Entered Level 5 of the Dungeon
  3343 | D:5      | Found Foagroj's Assorted Antiques.
  3480 | D:5      | Reached * piety under Okawaru
  3481 | D:5      | Reached skill level 5 in Stealth
  3481 | D:5      | Reached XP level 6. HP: 30/30 MP: 7/7
  3523 | D:5      | Found Agol Kee's Antique Armour Emporium.
  3600 | D:5      | Reached skill level 5 in Dodging
  3637 | D:5      | Noticed a water moccasin
  3668 | D:5      | Killed a water moccasin
  3794 | D:5      | Found Foumpebb's Book Shoppe.
  3802 | D:5      | Reached XP level 7. HP: 33/33 MP: 8/8
  3817 | D:5      | Found Jines's Book Emporium.
  3824 | D:5      | Found a radiant altar of Vehumet.
  4090 | D:5      | Reached ** piety under Okawaru
  4252 | D:5      | Found Jines's Book Emporium.
  4477 | D:5      | Found a radiant altar of Vehumet.
  4489 | D:5      | Found Foumpebb's Book Shoppe.
  4689 | D:5      | Found Foagroj's Assorted Antiques.
  4865 | D:6      | Noticed a two-headed ogre
  4931 | D:6      | Noticed Maggie
  4951 | D:6      | Slain by Maggie

Illustrated notes

Levels and vault maps discovered:
D:1:      dpeg_arrival_orchard, layout_basic, basic_ecumenical_altar
D:2:      layout_rooms
D:3:      layout_basic, minitemple, minmay_quadrilaterals
D:4:      layout_loops_ring, serial_shops, shop, nicolae_stop_n_shop_1, shop,
          shop_statue, nicolae_ossuary_entry_monument
D:5:      layout_loops_cross, mainiacjoe_overflow_small_starburst, serial_shops,
          nicolae_shop_stone, shop_fountains, shop_fountains,
          nicolae_shop_advertising_works [nicolae_subvault_shop_adworks]
D:6:      cheibrodos_helix_gallery, layout_basic,
          minmay_temple_entry_junction_2, uniq_duvessa, uniq_maggie

Skill      XL: |  1  2  3  4  5  6  7 |
---------------+----------------------+-----
Stealth        | 2 3 4 5 6 7 |  7.2
Dodging        | 3 4 5 6 |  6.5
Ranged Weapons | 5 6 7 |  7.7
Fighting       | |  1.5

Action                   |  1- 3 |  4- 6 |  7- 9 || total
-------------------------+-------+-------+-------++-------
 Fire: Shortbow          |   133 |   119 |    96 ||   348
  Use: Scroll            |       |    13 |     1 ||    14
Armor: Robe              |       |     2 |     1 ||     3
Dodge: Dodged            |    36 |    44 |    24 ||   104

Table legend: (Time is in decaauts)
 A = Elapsed time spent in this place.
 B = Non-inter-level travel time spent in this place.
 C = Inter-level travel time spent in this place.
 D = Time resting spent in this place.
 E = Time spent auto-exploring this place.
 F = Levels seen in this place.
 G = Mean time per level.
                   A        B        C        D        E       F      G
               +--------+--------+--------+--------+--------+-----+--------+
         Total |   3375 |   3242 |    133 |      9 |   2344 |   7 |  482.1 |
       Dungeon |   3365 |   3232 |    133 |      9 |   2344 |   6 |  560.8 |
       Ossuary |     10 |     10 |      0 |      0 |      0 |   1 |   10.0 |
               +--------+--------+--------+--------+--------+-----+--------+

Top non-repeatable levels by time:
     D:5: 1026 daAuts
     D:4: 699 daAuts
     D:1: 666 daAuts
     D:3: 638 daAuts
     D:2: 229 daAuts
     D:6: 104 daAuts
 Ossuary: 10 daAuts
